Map: Gresvan LE

Players

A.I. 2 (Very Easy)

  • Race: Protoss Protoss
  • Spawn Location: 11:00

Tixt

  • Race: Zerg Zerg
  • League: Diamond
  • Spawn Location: 5:00

VOD

Have the link to the VOD?

Description

Time

  • Played on: Sept. 24, 2023, 9:05 p.m.
  • Length: 3:41
Show
View Real Time Build Order
Export as new Build Order

A.I. 2 (Very Easy) Protoss 

Build Orders:  

Get SALT Encoding   

  12  0:00  Probe  
  13  0:13  Probe  
  14  0:19  Pylon  
  14  0:37  Assimilator  
  14  0:42  Gateway  
  14  0:46  Pylon  
  14  1:13  Assimilator  
  14  1:23  Probe  
  14  1:29  Zealot  
  14  1:31  Probe  
  17  1:33  Cybernetics Core  
  17  1:39  Probe  
  19  1:49  Probe  
  20  1:59  Probe, Warp Gate  
  20  2:08  Probe  
  22  2:43  Stalker  
Show
View Real Time Build Order
Export as new Build Order

Tixt Zerg 

Build Orders: Hatch First 

Get SALT Encoding   

  12  0:00  Drone  
  13  0:13  Overlord  
  13  0:17  Drone  
  14  0:32  Drone x2  
  16  0:50  Hatchery  
  16  0:52  Drone  
  16  0:55  Drone  
  17  0:58  Drone  
  18  1:09  Extractor  
  17  1:14  Spawning Pool  
  17  1:17  Drone  
  17  1:21  Drone  
  18  1:31  Drone  
  19  1:47  Drone  
  19  1:51  Drone  
  21  2:02  Zergling x4  
  21  2:03  Queen x2  
  27  2:16  Metabolic Boost  
  27  2:21  Hatchery  
  26  2:33  Overlord  
  26  2:34  Drone  
  26  2:35  Drone  
  28  2:55  Drone x2  
  28  2:56  Drone x3  
  33  3:11  Drone  
  33  3:12  Drone x2  
Tags
 
League
Diamond
Matchup
PvZ
Spawn Locations
Cross Positions
Add a new tag
Caveats
  • Supply blocks, unpowered buildings, or Contaminate may cause inaccurate times.
  • Supply counts are checked every 10 seconds.